 Dungeon Crawl Stone Soup version 0.23.2-40-g277498a001 (webtiles) character file.

Game seed: 11006200712795461585

1059 Chiseanne the Magician (level 8, -12/40 HPs)
             Began as a Vine Stalker Arcane Marksman on Oct 11, 2019.
             Mangled by an orc warrior
             ... wielding a +0 flail
              (17 damage)
             ... on level 6 of the Dungeon.
             The game lasted 00:14:59 (4482 turns).

Chiseanne the Magician (VSAM)                       Turns: 4482, Time: 00:15:00

Health: -12/40     AC:  7    Str: 14    XL:     8   Next: 27%
Magic:  0/15       EV: 11    Int: 14    God:
Gold:   275        SH:  0    Dex: 15    Spells: 15/15 levels left

rFire    . . .     SeeInvis .   a - +1 war axe
rCold    . . .     Gourm    .   (no shield)
rNeg     . . .     Faith    .   l - +0 leather armour
rPois    .         Spirit   +   (no helmet)
rElec    .         Reflect  .   (no cloak)
rCorr    +         Harm     .   g - +1 pair of gloves
MR       +....                  m - +1 pair of boots
Stlth    +.........             u - amulet of magic regeneration
HPRegen  0.53/turn              k - ring of resist corrosion
MPRegen  0.39/turn              (no ring)

@: heavily drained
A: fangs 3, regeneration 1, magic shield, antimagic bite, no potion heal 3, rot
immunity
a: no special abilities


You were on level 6 of the Dungeon.
You were not hungry.

You visited 1 branch of the dungeon, and saw 6 of its levels.
You also visited: Ossuary.

You collected 275 gold pieces.

Inventory:

Hand Weapons
 a - a +1 war axe (weapon)
 n - a +0 hunting sling
Missiles
 b - 124 stones
 c - a throwing net
 d - 8 needles of confusion
 i - 39 sling bullets
 o - 71 arrows
 q - 4 javelins (quivered)
 w - 4 tomahawks
 A - 16 poisoned needles
Armour
 g - a +1 pair of gloves (worn)
 l - a +0 leather armour (worn)
 m - a +1 pair of boots (worn)
Jewellery
 k - a ring of resist corrosion (left hand)
 t - an uncursed ring of ice
 u - an amulet of magic regeneration (around neck)
 x - an uncursed ring of stealth
Scrolls
 e - 6 scrolls of remove curse
 h - 2 scrolls of magic mapping
 p - 2 scrolls of teleportation
 s - a scroll of fog
 v - 8 scrolls of identify
Potions
 j - a potion of resistance
 r - 2 potions of curing
 z - 3 potions of mutation
 D - a potion of invisibility {unknown}
Comestibles
 f - 7 rations


   Skills:
 - Level 3.1(0.4) Fighting
 * Level 2.2(0.0) Axes
 * Level 4.4(1.6) Throwing
 * Level 3.9(1.2) Dodging
 * Level 4.4(1.7) Spellcasting
   Level 4.1(1.4) Hexes


You had 15 spell levels left.
You didn't know any spells.
Your spell library contained the following spells:

 Spells                   Type           Power        Failure   Level  Hunger
 Corona                   Hex            #......      17%         1    ##.....
 Slow                     Hex            #.......     26%         2    ###....
 Inner Flame              Hex/Fire       #.......     56%         3    ####...
 Portal Projectile        Hex/Tloc       #.....       56%         3    ####...
 Cause Fear               Hex            #.........   86%         4    #####..
 Leda's Liquefaction      Hex/Erth       #.........   93%         4    #####..


Dungeon Overview and Level Annotations

Branches:
Dungeon (6/15)
 Temple: D:4-7

Altars:


Innate Abilities, Weirdness & Mutations

You have razor-sharp teeth.
Your natural rate of healing is unusually fast.
When hurt, damage is shared between your health and your magic reserves.
Your bite disrupts and absorbs the magic of your enemies.
Potions cannot restore your health.
You are immune to rotting.


Message History

The orc priest hits you but does no damage.
The orc warrior hits you with a +0 flail!
You hit the orc priest but do no damage.
Your bite misses the orc priest.
The orc priest is moderately wounded.
You closely miss the orc warrior.
The orc priest hits you but does no damage.
The orc warrior hits you with a +0 flail!
* * * LOW HITPOINT WARNING * * *
The orc priest hits you with a cursed +0 flail.
* * * LOW HITPOINT WARNING * * *
The orc warrior closely misses you.
You slash the orc priest!
You bite the orc priest, but do no damage.
The orc priest is almost dead.
You hit the orc warrior but do no damage.
The orc priest hits you with a cursed +0 flail.
* * * LOW HITPOINT WARNING * * *
The orc warrior hits you with a +0 flail!!
You die...

.....#
#.###
..##.#
#...#
...#.#
###.#
##.#.#
#.#
.....#
#.#
##.#...
#.#
.#.#..
#.####
.#.# .
#....#
..
####@#
#oo#
##o..
#..#
..# #.#
##


You could see an orc warrior, an orc priest and an orc.

Vanquished Creatures
  An ice beast (D:4)
  A phantom (D:5)
  A bullfrog (D:6)
  A water moccasin zombie (Ossuary)
  2 scorpions
  4 wights
  2 crimson imps
  A bullfrog zombie (D:6)
  A bullfrog skeleton (D:5)
  An orc priest (D:4)
  A hound (D:4)
  A worker ant (D:5)
  2 big kobold zombies (Ossuary)
  A hound zombie (D:5)
  3 mummies
  A worker ant zombie (D:6)
  5 adders
  A shadow imp (D:5)
  3 oozes
  3 adder zombies (Ossuary)
  5 worms
  2 dart slugs
  3 leopard geckos
  3 orcs (D:4)
  8 bats
  2 giant cockroaches
  3 gnoll zombies (Ossuary)
  8 goblins
  8 hobgoblins
  7 jackals (D:2)
  6 kobolds
  2 quokkas
  A ball python (D:2)
  9 frilled lizards
  5 hobgoblin zombies (Ossuary)
  A kobold zombie (Ossuary)
  A leopard gecko skeleton (D:4)
  5 orc zombies (Ossuary)
  3 rats
118 creatures vanquished.

Notes
Turn   | Place    | Note
-------+----------+-------------------------------------------
     0 | D:1      | Chiseanne the Vine Stalker Arcane Marksman began the quest
                  | for the Orb.
     0 | D:1      | Reached XP level 1. HP: 9/9 MP: 3/3
    46 | D:1      | Reached skill level 1 in Fighting
   175 | D:1      | Reached XP level 2. HP: 3/14 MP: 2/4
   969 | D:2      | Reached XP level 3. HP: 12/18 MP: 6/6
  1943 | D:3      | Gained mutation: Your natural rate of healing is unusually
                  | fast. [Vine Stalker growth]
  1943 | D:3      | Reached XP level 4. HP: 15/22 MP: 7/7
  2313 | D:3      | Reached XP level 5. HP: 24/26 MP: 9/9
  2807 | D:4      | Reached XP level 6. HP: 31/31 MP: 10/10
  2820 | D:4      | Noticed an ice beast
  2843 | D:4      | Killed an ice beast
  3408 | D:5      | Entered Level 5 of the Dungeon
  3514 | D:5      | Found a sand-covered staircase.
  3530 | Ossuary  | Entered an ossuary
  3645 | Ossuary  | Reached XP level 7. HP: 28/36 MP: 12/12
  4023 | D:5      | Reached skill level 1 in Axes
  4231 | D:6      | Gained mutation: You have razor-sharp teeth. [Vine Stalker
                  | growth]
  4231 | D:6      | Reached XP level 8. HP: 28/40 MP: 13/15
  4482 | D:6      | Mangled by an orc warrior

Skill      XL: |  1  2  3  4  5  6  7  8 |
---------------+-------------------------+-----
Fighting       | 1 2 3 |  3.1
Throwing       | 2 3 4 |  4.4
Dodging        | 2 3 |  3.9
Spellcasting   | 2 3 4 |  4.4
Hexes          | 4 |  4.1
Axes           | 1 2 |  2.2

Action                   |  1- 3 |  4- 6 |  7- 9 || total
-------------------------+-------+-------+-------++-------
Melee: Mace              |    90 |   186 |    38 ||   314
       Bite              |    17 |    47 |    35 ||    99
       War axe           |       |       |    77 ||    77
Throw: Javelin           |    36 |    37 |    14 ||    87
       Stone             |     2 |     6 |     2 ||    10
       Throwing net      |       |     3 |       ||     3
       Tomahawk          |       |       |     5 ||     5
  Use: Scroll            |     9 |     5 |     4 ||    18
       Potion            |       |       |     2 ||     2
  Eat: Chunk             |     3 |     5 |       ||     8
       Ration            |       |     1 |     1 ||     2
Armor: Robe              |    12 |       |       ||    12
       Leather armour    |    22 |    77 |    63 ||   162
Dodge: Dodged            |   104 |   163 |   122 ||   389
